Zazza, neutral female human Tourist ---- --- --..| ---- -----.---------------------- --...| ------..| |..^.......................- |....| ----- ----- --..|....|-----.........-----....-------..| |.--.| |...----.|.--- |.....-----........................-- |..| |.--.-- |....-|......| |.....| |...---......--...--.......------- |.....| ---...|-.....--|.....|---.-----....-----..--.........--------- |.....--- --..--|......|--....-|...| |...............................| |>---.[.| |..-| --....-- ---...|.--- |.....------.............------.--- |.| ---.---|...|---....| --....^| --.......---..............| |...| |.| |...--...--......| --.....-- |....<....................| --..| |.| |.....@q.)[.)..).| |....)-- --.|........|......`.|....-- ---- |.-- |....---.---.---[| |..)%.-- ----.--.|.---.....--|.....| |..| -....| --- --- |.| |......| ----------....-- --[...---- |.-- |....-- |.|---)--...| ----.....| ---.......| |.| |...-- |.||...|--.-- |........| |.........-- --- |...| ----.--.--- --- |......--- |....%.....| |...| --.......| ---...-- ---.......-- ----- |...--.--- |..-- --....--- --.....| |..| ---.-- ------- ---- --- Zazza the Excursionist Experience level: 9 Strength: 17 Dexterity: 14 Constitution: 15 Intelligence: 15 Wisdom: 10 Charisma: 15 Health: 0(70) Energy: 35(35) Def: 15 Gold: 0 Moves: 14084 Dungeon seed: rpH2oQo356A8gn3g Game ID: Zazza_1564170239 Your Inventory: Weapons b - a +0 elven dagger (weapon in hand) B - 16 +0 daggers Armor p - an uncursed +0 elven shield (being worn) q - a blessed greased +3 silver dragon scale mail (being worn) r - a cursed +0 dwarvish cloak (being worn) y - an uncursed +0 pair of elven boots (being worn) Rings d - an uncursed ring of regeneration (on left hand) E - an uncursed ring of stealth (on right hand) Tools g - an uncursed magic whistle j - an expensive camera (0:61) k - an uncursed skeleton key u - a +0 unicorn horn A - 6 uncursed partly used wax candles (lit) (0:101) I - an uncursed sack O - 24 uncursed tallow candles (0:200) U - an uncursed magic whistle V - a fire horn (0:7) Y - an uncursed mirror Z - an uncursed towel Contents of the sack: 26 gold pieces a blessed rusty +1 dagger 12 +0 darts an uncursed egg 10 uncursed food rations 2 uncursed fortune cookies 2 uncursed slime molds an uncursed scroll of charging a blessed scroll of enchant armor an uncursed scroll of enchant weapon 2 uncursed scrolls of remove curse an uncursed scroll of teleportation an uncursed spellbook of healing an uncursed potion of enlightenment a potion of holy water an uncursed ring of free action an uncursed +1 ring of gain strength an uncursed amber stone an uncursed diamond an uncursed fluorite stone an uncursed worthless piece of black glass 2 uncursed worthless pieces of green glass 2 uncursed worthless pieces of orange glass 2 uncursed worthless pieces of red glass an uncursed worthless piece of white glass 2 uncursed worthless pieces of yellow glass Spells and supernatural/magical abilities: Name Level Category Fail Memory z - sleep 1 enchantment 86% 90% W - pray for help -- divine ? -- Your skills at the end: Fighting Skills Weapon Skills dagger [Expert] dart [Basic] Spellcasting Skills Final Attributes: You were piously aligned. You were cold resistant. You were poison resistant. You were telepathic. You were stealthy. You could teleport. You regenerated. You had reflection. You are dead. Vanquished creatures: a large mimic 5 small mimics a large cat a dwarf king a tengu a human mummy 3 leather golems a succubus a chameleon a crocodile 2 quivering blobs a winter wolf cub a lynx 2 giant spiders a gnome king 3 orc mummies a lizard a housecat 3 jaguars a dwarf lord a blue jelly a white unicorn a dust vortex a raven 2 snakes a rope golem a Woodland-elf a soldier ant 3 bugbears a water nymph a mountain nymph 10 Uruk-hai an orc shaman a rock piercer a rock mole a pony 3 yellow lights a violet fungus 17 gnome lords 4 gnomish wizards a kobold mummy 2 gray oozes 3 elf zombies a ghoul a straw golem 4 giant ants a little dog 4 floating eyes 20 dwarves 3 homunculi 2 kobold lords a kobold shaman 19 hill orcs 5 rothes 4 rabid rats a centipede 3 giant bats 6 orc zombies 12 dwarf zombies 3 wererats 5 iguanas 3 acid blobs 8 coyotes 5 hobbits 4 manes 2 large kobolds 2 hobgoblins 6 giant rats 4 cave spiders 8 yellow molds a green mold 3 red molds 51 gnomes 5 gnome zombies 7 geckos 14 jackals 4 foxes a kobold 7 goblins 5 sewer rats 22 grid bugs 3 bats 13 lichens 5 kobold zombies 16 newts 385 creatures vanquished. Voluntary challenges: You had been an atheist until turn 9502. You used a wielded weapon 748 times, starting on turn 2205. You read items or engraved 4 times, starting on turn 2287. You never genocided any monsters. You never polymorphed an object. You never changed form. You used 1 wish, starting on turn 198. You did not wish for any artifacts. You never split a pudding. You wrote Elbereth's name 1 time, starting on turn 8450. You violated your moral code, losing 10 points of alignment, starting on turn 5841. Dungeon overview: The Dungeons of Doom: levels 1 to 8 Level 1 a fountain a long staircase Level 2 a delicatessen, a fountain Level 3 a general store, a fountain Level 4 (gold) a fountain stairs to The Gnomish Mines Level 5 Level 6 (gold) some fountains Level 7 an armor shop, a sink Level 8 The Gnomish Mines: levels 5 to 12 Level 5 stairs to The Dungeons of Doom Level 6 Level 7 many shops, a temple to Blind Io, some fountains Level 8 <- You were here Level 9 Level 10 Level 11 Level 12 History has recorded: On T:1 you entered the Dungeons of Doom to retrieve the Amulet of Yendor! On T:198 you wished for "blessed greased +3 silver dragon scale mail". On T:433 you reached level 2 of The Dungeons of Doom. On T:1241 you advanced to experience level 2. On T:1452 you reached level 3 of The Dungeons of Doom. On T:2302 you advanced to experience level 3. On T:3302 you advanced to experience level 4. On T:3399 you reached level 4 of The Dungeons of Doom. On T:3814 you reached level 5 of The Dungeons of Doom. On T:4482 you reached level 6 of The Dungeons of Doom. On T:4583 you reached level 7 of The Dungeons of Doom. On T:4852 you advanced to experience level 5. On T:5104 you advanced to experience level 6. On T:7126 you reached level 1 of The Gnomish Mines. On T:7491 you advanced to experience level 7. On T:8048 you reached level 2 of The Gnomish Mines. On T:8634 you reached level 3 of The Gnomish Mines. On T:10400 you advanced to experience level 8. On T:11393 you reached level 8 of The Dungeons of Doom. On T:12413 you reached level 4 of The Gnomish Mines. On T:13051 you reached level 5 of The Gnomish Mines. On T:13281 you reached level 6 of The Gnomish Mines. On T:13616 you reached level 7 of The Gnomish Mines. On T:13713 you reached level 8 of The Gnomish Mines. On T:13720 you advanced to experience level 9. Score breakdown: Gold: 0 ( 0 points) Experience: 9 levels (15756 points) Exploration: 12 levels ( 23.53%) (14071 points) Discoveries: 26 items ( 8.72%) ( 8861 points) Valuables value: (no points given unless you survive) Artifact value: 0 ( 0 points) Variety of kills: 85 monsters ( 22.31%) (14169 points) Turncount: 14084 turns (-2884 points) Survival: died (score multiplied by 80%) Total score: 39978 Latest messages: The leocrotta suddenly falls asleep! You hit it. The leocrotta hits! The leocrotta just misses! The leocrotta misses. (4x) You hit it. The leocrotta hits! The leocrotta bites! The leocrotta misses. You hit it. The leocrotta misses. The leocrotta bites! The leocrotta hits! (2x) The leocrotta misses. The leocrotta hits! Never mind. The leocrotta hits! The leocrotta bites! The leocrotta hits! You die... Final status: Aloha Zazza the Tourist, killed by a leocrotta... You died in The Gnomish Mines on dungeon level 8 with 39978 points, and 26 pieces of gold, after 14084 moves. You were level 9 with a maximum of 70 hit points when you died.